 Dungeon Crawl Stone Soup version 0.19.5 (webtiles) character file.

56 Gargoyl the Skirmisher (level 3, -1/33 HPs)
             Began as a Ghoul Abyssal Knight on May 24, 2017.
             Was a Follower of Lugonu.
             Slain by a worm (9 damage)
             ... on level 2 of the Dungeon.
             The game lasted 00:02:36 (1105 turns).

Gargoyl the Skirmisher (Ghoul Abyssal Knight)       Turns: 1105, Time: 00:02:37

Health: -1/33      AC:  4    Str: 15    XL:     3   Next: 95%
Magic:  3/3        EV: 11    Int:  7    God:    Lugonu [*.....]
Gold:   112        SH:  0    Dex:  9    Spells: 0 memorised, 2 levels left

rFire  . . .     SeeInvis .     a - +1 hand axe
rCold  + . .     Gourm    .     b - +0 leather armour
rNeg   + + +     Faith    .     (no shield)
rPois  ∞         Spirit   .     j - +0 helmet
rElec  .         Reflect  .     (no cloak)
rCorr  .         Harm     .     (no gloves)
MR     .....                    (no boots)
Stlth  +.........               (no amulet)
                                (no ring)
                                (no ring)

@: rotting
A: rotting body, claws 1, carnivore 3, cold resistance 1, negative energy
resistance 3, slow regeneration 1, torment resistance, unbreathing
a: Depart the Abyss, Renounce Religion


You were on level 2 of the Dungeon.
You worshipped Lugonu.
Lugonu was aware of your devotion.
You were not hungry.

You visited 1 branch of the dungeon, and saw 2 of its levels.
You visited the Abyss 1 time.

You collected 112 gold pieces.

Inventory:

Hand Weapons
 a - a +1 hand axe (weapon)
Armour
 b - a +0 leather armour (worn)
 j - a +0 helmet (worn)
Scrolls
 i - a scroll of teleportation
Potions
 d - 2 potions of curing {unknown}
 e - a potion of heal wounds {unknown}
Comestibles
 c - a meat ration
 f - 3 beef jerkies
 h - 5 chunks of flesh


   Skills:
 + Level 4.2 Fighting
 + Level 2.4 Axes
 + Level 2.0 Armour
 + Level 1.1 Dodging
 + Level 0.2 Stealth
 + Level 2.2 Invocations


You had 2 spell levels left.
You didn't know any spells.

Dungeon Overview and Level Annotations

Branches:
Dungeon (2/15)

Altars:
Gozag
Okawaru


Innate Abilities, Weirdness & Mutations

Your body is rotting away.
You thrive on raw meat.
You are immune to poison.
You have sharp fingernails.
You are carnivorous and can eat meat at any time.
Your flesh is cold resistant. (rC+)
You are immune to negative energy. (rN+++)
You regenerate slowly when monsters are visible.
You are immune to unholy pain and torment.
You can survive without breathing.


Message History

Unknown command.
You slash the goblin!
You kill the goblin!
Lugonu accepts your kill.
You barely miss the worm. The worm bites you! The worm bites you!
You see here a goblin corpse.
You hit the worm.
The worm is moderately wounded.
You slash the worm!
The worm is severely wounded.
The worm bites you.
You hit the worm.
The worm is severely wounded.
The worm bites you.
* * * LOW HITPOINT WARNING * * *
You hit the worm.
The worm is almost dead.
The worm bites you!
You die...

#...#
#.........#
#####
#####........#
#...#........#
#.<.##..######
#....##.#
#...##.#
#....#.#
#.....#
#[♣)@w#
#....##
#....## #...#
#.... #.>.#
#... ####


You could see a worm.

Vanquished Creatures
  2 oozes
  2 worms (D:2)
  A dart slug (D:1)
  2 leopard geckos
  A ball python (D:2)
  A bat (D:1)
  A giant cockroach (D:1)
  3 goblins
  5 hobgoblins (D:2)
  3 jackals (D:2)
  5 kobolds
  A quokka (D:2)
  A frilled lizard (D:1)
  8 rats
36 creatures vanquished.

Notes
Turn   | Place    | Note
-------+----------+-------------------------------------------
     0 | Abyss:1  | Gargoyl the Ghoul Abyssal Knight began the quest for the Orb.
     0 | Abyss:1  | Reached XP level 1. HP: 19/19 MP: 1/1
     4 | Abyss:1  | Found a corrupted altar of Lugonu.
    68 | Abyss:2  | Noticed a large abomination
   107 | Abyss:2  | Noticed a revenant
   108 | Abyss:2  | Noticed a spectral fire dragon
   108 | Abyss:2  | Noticed a spectral alligator snapping turtle
   110 | Abyss:2  | Noticed a spectral iron dragon
   110 | Abyss:2  | Noticed a spectral snapping turtle
   118 | D:1      | Escaped the Abyss
   326 | D:1      | Reached XP level 2. HP: 26/26 MP: 2/2
   396 | D:1      | Reached * piety under Lugonu
   672 | D:1      | Reached skill level 4 in Fighting
   715 | D:2      | Reached XP level 3. HP: 30/32 MP: 3/3
   745 | D:2      | Found an opulent altar of Gozag.
   756 | D:2      | Reached skill level 1 in Dodging
   863 | D:2      | Found an iron altar of Okawaru.
  1105 | D:2      | Slain by a worm

Skill      XL: |  1  2  3 |
---------------+----------+-----
Axes           | 2 |  2.4
Fighting       | 4 |  4.2
Armour         | 2 |  2.0
Dodging        | 1 |  1.1
Stealth        | |  0.2
Invocations    | |  2.2

Action                   || total
-------------------------++-------
Melee: Hand axe          ||   115
Invok: Depart the Abyss  ||     1
  Use: Scroll            ||     2
  Eat: Chunk             ||    21
Armor: Leather armour    ||    29
Dodge: Dodged            ||    80
